 Dungeon Crawl Stone Soup version 0.31-a0-876-gfe8ebadbca (webtiles) character file.

Game seed: 12955029474198264122

837 GigaChad the Chopper (level 8, 0/48 HPs)
             Began as a Kobold Fighter on Oct 13, 2023.
             Slain by an orc warrior
             ... wielding a +0 long sword
              (2 damage)
             ... on level 5 of the Dungeon.
             The game lasted 00:04:44 (4716 turns).

GigaChad the Chopper (Kobold Fighter)               Turns: 4716, Time: 00:04:44

Health: 0/48       AC:  9    Str: 15    XL:     8   Next: 19%
Magic:  8/8        EV: 10    Int:  9    God:
Gold:   217        SH:  5    Dex: 15    Spells: 7/7 levels left

rFire   . . .        a - +0 war axe
rCold   . . .        c - +0 buckler
rNeg    . . .        b - +0 chain mail
rPois   .            (no helmet)
rElec   .            (no cloak)
rCorr   .            (no gloves)
SInv    .            (no boots)
Will    .....        (no amulet)
Stlth   +            (no ring)
HPRegen 0.28/turn    (no ring)
MPRegen 0.11/turn

%: no passive effects
@: no status effects
A: small, no large weapons, nightstalker 3
a: no special abilities


You were on level 5 of the Dungeon.
You visited 1 branch of the dungeon, and saw 5 of its levels.

You collected 217 gold pieces.

Inventory:

Hand Weapons
 a - a +0 war axe (weapon)
Armour
 b - a +0 chain mail (worn)
 c - a +0 buckler (worn)
Jewellery
 m - a ring of magical power
 x - a ring of positive energy
Talismans
 q - a flux talisman
 C - a beast talisman
Wands
 k - a wand of flame (8)
 w - a wand of mindburst (8)
Scrolls
 f - 4 scrolls of blinking
 i - 4 scrolls of teleportation
 o - a scroll of poison {unknown}
 p - a scroll of enchant armour {unknown}
 r - a scroll of acquirement {unknown}
 s - a scroll of enchant weapon {unknown}
 u - 4 scrolls of revelation {unknown}
 v - 2 scrolls of fog
 y - a scroll of identify
 A - a scroll of immolation {unknown}
 B - 2 scrolls of brand weapon {unknown}
Potions
 d - 2 potions of might
 e - 3 potions of curing {unknown}
 g - a potion of berserk rage {unknown}
 h - a potion of enlightenment {unknown}
 j - 2 potions of lignification {unknown}
 l - 3 potions of attraction {unknown}
 n - 2 potions of degeneration {unknown}
 t - a potion of cancellation {unknown}
 z - a potion of ambrosia {unknown}


   Skills:
 * Level 4.5 Fighting
 * Level 4.7 Axes
 * Level 3.9 Armour
 * Level 2.7 Dodging
 * Level 3.5 Stealth
 * Level 3.3 Shields
 * Level 0.3 Shapeshifting


You had 7 spell levels left.
You didn't know any spells.
Your spell library contained the following spells:

 Spells                   Type           Power      Damage    Failure   Level
 Sublimation of Blood     Necr           0%         N/A       100%        2
 Wereblood                Tmut           0%         N/A       100%        2
 Summon Forest            Summ/Tloc      0%         N/A       100%        5
 Summon Mana Viper        Hex/Summ       0%         N/A       100%        5
 Summon Cactus Giant      Summ           0%         N/A       100%        6
 Summon Hydra             Summ           0%         N/A       100%        7


Dungeon Overview and Level Annotations

Branches:
Dungeon (5/15)
 Temple: D:4-7

Altars:
Cheibriados
Gozag

Shops:
D:2 *


Innate Abilities, Weirdness & Mutations

You are small and have problems with some larger weapons.
You are completely attuned to the shadows.


Message History

You kill the orc!
You hit the orc.
You kill the orc!
You hit the orc warrior but do no damage.
The orc warrior hits you but does no damage.
Unknown command.
You barely miss the orc warrior.
The orc warrior is heavily wounded.
The orc warrior barely misses you.
You completely miss the orc warrior.
The orc warrior is moderately wounded.
The orc warrior hits you with a +0 long sword! x2
Unknown command.
You are too injured to fight recklessly!
Unknown command.
Unknown command.
You are too injured to fight recklessly!
You are too injured to fight recklessly!
You are too injured to fight recklessly!
Unknown command.
You are too injured to fight recklessly!
Unknown command.
You hit the orc warrior but do no damage.
The orc warrior is moderately wounded.
The orc warrior hits you with a +0 long sword.
You closely miss the orc warrior.
The orc warrior is moderately wounded.
The orc warrior barely misses you.
You completely miss the orc warrior.
The orc warrior is moderately wounded.
The orc warrior hits you with a +0 long sword!
* * * LOW HITPOINT WARNING * * *
The orc warrior hits you with a +0 long sword!
* * * LOW HITPOINT WARNING * * *
The orc warrior hits you but does no damage.
You closely miss the orc warrior.
The orc warrior is moderately wounded.
You block the orc warrior's attack.
The orc warrior hits you with a +0 long sword.
You die...

##...## #...# #...#
#...# #...# ####.
#...# #... .
.####...#####..#.#
............[..#.##
...).........@o)..#
...............#..
#####...#####.))...
#...# #...$.. #...#
####..# #...# ...
#...# ###...###
#.......####


You could see an orc warrior.

Vanquished Creatures
  3 ogres
  A black bear (D:4)
  A centaur (D:5)
  A phantom (D:4)
  A scorpion (D:4)
  2 hounds (D:5)
  A sleepcap (D:4)
  Jessica (D:2)
  The ghost of tinfoiltophat the Stinger, a weakling DjFE (D:3)
  3 gnolls (D:4)
  3 adders
  3 worms
  4 dart slugs
  8 orcs
  5 ball pythons
  4 bats (D:1)
  4 endoplasms
  16 giant cockroaches
  6 goblins
  8 hobgoblins
  4 jackals (D:2)
  4 quokkas
  2 frilled lizards
  2 kobolds
  6 rats
94 creatures vanquished.

Notes
Turn   | Place    | Note
-------+----------+-------------------------------------------
     0 | D:1      | GigaChad the Kobold Fighter began the quest for the Orb.
     0 | D:1      | Reached XP level 1. HP: 14/14 MP: 1/1
   131 | D:1      | Reached XP level 2. HP: 16/19 MP: 2/2
   640 | D:1      | Reached XP level 3. HP: 23/23 MP: 3/3
  1072 | D:2      | Noticed Jessica
  1077 | D:2      | Killed Jessica
  1078 | D:2      | Reached XP level 4. HP: 21/28 MP: 4/4
  1377 | D:2      | Reached skill level 1 in Dodging
  1432 | D:2      | Reached skill level 1 in Stealth
  1527 | D:2      | Found Coixoc's Assorted Antiques.
  2022 | D:3      | Found a runed translucent door.
  2477 | D:3      | Found an opulent altar of Gozag.
  2633 | D:3      | Reached XP level 5. HP: 23/33 MP: 5/5
  2733 | D:3      | Noticed tinfoiltophat's ghost (weakling DjFE)
  2739 | D:3      | Killed tinfoiltophat's ghost
  2762 | D:4      | Noticed a black bear
  2769 | D:4      | Killed a black bear
  2770 | D:4      | Reached XP level 6. HP: 13/38 MP: 6/6
  3268 | D:4      | Reached XP level 7. HP: 38/43 MP: 7/7
  4028 | D:4      | Found a snail-covered altar of Cheibriados.
  4280 | D:5      | Entered Level 5 of the Dungeon
  4427 | D:5      | Reached XP level 8. HP: 39/48 MP: 8/8
  4714 | D:5      | HP: 1/48 [orc warrior/+0 long sword (7)]
  4716 | D:5      | Slain by an orc warrior

Illustrated notes

Levels and vault maps discovered:
D:1:      matt_arrival_grand_opening, layout_basic, st_stairs_13,
          chequers_jeans, dreamdust_princess_bridge, hex_intersection
D:2:      minmay_roachtagon, layout_loops_ring, serial_shops, shop, uniq_jessica
D:3:      layout_rooms, mainiacjoe_overflow_brackets,
          ebering_ghost_reflecting_pool, serial_aquarium, aquarium_bridge_square
          [aquarium_subvault_bridge, aquarium_subvault_bridge,
          aquarium_subvault_wall, aquarium_subvault_window],
          aquarium_window_fake, aquarium_window_1, aquarium_view_2f,
          aquarium_view_2b, aquarium_pool_corner, hangedman_decor_push
D:4:      layout_cave_pods, cheibrodos_worm_habitat
D:5:      layout_loops_cross

Skill      XL: |  1  2  3  4  5  6  7 |
---------------+----------------------+-----
Axes           | 2 3 4 |  4.7
Dodging        | 1 2 |  2.7
Stealth        | 1 2 3 |  3.5
Armour         | 3 |  3.9
Shields        | 3 |  3.3
Fighting       | 4 |  4.5
Shapeshifting  | |  0.3

Action                     |  1- 3 |  4- 6 |  7- 9 || total
---------------------------+-------+-------+-------++-------
  Melee: War axe           |    72 |   125 |   110 ||   307
    Use: Scroll            |       |     4 |       ||     4
   Stab: Sleeping          |     1 |     4 |       ||     5
 Armour: Scale mail        |    34 |    31 |       ||    65
         Chain mail        |       |    71 |    99 ||   170
  Dodge: Dodged            |    47 |    70 |    59 ||   176
  Block: Buckler           |    16 |    35 |    30 ||    81

Table legend: (Time is in decaauts)
 A = Elapsed time spent in this place.
 B = Non-inter-level travel time spent in this place.
 C = Inter-level travel time spent in this place.
 D = Time resting spent in this place.
 E = Time spent auto-exploring this place.
 F = Levels seen in this place.
 G = Mean time per level.
                   A        B        C        D        E       F      G
               +--------+--------+--------+--------+--------+-----+--------+
         Total |   4848 |   4624 |    224 |     65 |   3802 |   5 |  969.6 |
       Dungeon |   4848 |   4624 |    224 |     65 |   3802 |   5 |  969.6 |
               +--------+--------+--------+--------+--------+-----+--------+

Top non-repeatable levels by time:
     D:4: 1566 daAuts
     D:1: 1158 daAuts
     D:2: 892 daAuts
     D:3: 779 daAuts
     D:5: 451 daAuts
